Map: Блестящий пепел РВ

Players

Loozerg

  • Race: Zerg Zerg
  • League: Diamond
  • Spawn Location: 7:00

exactitude - Winner!

  • Race: Protoss Protoss
  • League: Diamond
  • Spawn Location: 1:00

VOD

Have the link to the VOD?

Description

Time

  • Played on: June 16, 2022, 7:24 p.m.
  • Length: 14:45
Show
View Real Time Build Order
Export as new Build Order

Loozerg Zerg 

Build Orders: Pool First 

Get SALT Encoding   

  12  0:00  Drone  
  13  0:13  Overlord  
  13  0:17  Drone  
  14  0:32  Drone x2  
  16  0:40  Spawning Pool  
  15  0:44  Drone  
  15  0:47  Drone  
  17  1:09  Hatchery  
  16  1:12  Drone  
  17  1:29  Extractor  
  16  1:39  Zergling x6  
  19  1:40  Queen  
  21  1:54  Drone  
  21  2:01  Overlord  
  22  2:21  Drone x2  
  24  2:26  Drone  
  23  2:42  Drone  
  23  2:43  Drone x2  
  26  2:53  Drone  
  26  2:54  Drone x2  
  26  2:57  Queen x2  
  33  3:09  Hatchery  
  31  3:16  Drone x4  
  31  3:19  Extractor  
  34  3:22  Extractor  
  34  3:26  Drone x2  
  35  3:29  Overlord  
  35  3:30  Overlord  
  35  3:43  Lair  
  35  3:44  Overlord  
  35  3:47  Queen  
  37  3:54  Drone x5  
  42  3:59  Zergling x2  
  42  4:00  Metabolic Boost  
  43  4:06  Evolution Chamber  
  43  4:09  Zergling x4  
  46  4:10  Zergling x4  
  46  4:25  Baneling Nest  
  46  4:28  Drone x3  
  48  4:33  Zergling x10  
  48  4:36  Zerg Melee Weapons Level 1  
  53  4:50  Zergling x18  
  62  5:02  Zergling x6  
  62  5:04  Overlord x2  
  65  5:12  Baneling x3  
  65  5:13  Baneling x4  
  64  5:27  Zergling x12  
  64  5:28  Zergling x4  
  64  5:42  Zergling x16  
  68  5:43  Zergling x4  
  68  5:56  Zergling x6  
  70  6:04  Baneling x4  
  70  6:05  Baneling x3  
  70  6:13  Drone  
  70  6:14  Drone x4  
  74  6:18  Hatchery  
  65  6:40  Baneling x5  
  65  6:41  Baneling  
  65  6:43  Zergling x16  
  65  6:44  Zergling x10  
  78  6:53  Zergling x6  
  81  6:56  Overlord  
  81  6:59  Overlord  
  64  7:31  Baneling x3  
  64  7:32  Baneling  
  64  7:34  Baneling x4  
  63  7:37  Baneling x3  
  55  8:00  Zergling x38  
  71  8:06  Zergling x6  
  71  8:11  Zerg Ground Armor Level 1  
  71  8:12  Centrifugal Hooks  
  74  8:15  Extractor  
  74  8:19  Roach Warren  
  72  8:21  Baneling x3  
  72  8:22  Spire, Baneling x2  
  72  8:25  Baneling  
  72  8:26  Baneling x4  
  71  8:37  Zergling x8  
  71  8:38  Zergling x14  
  80  9:00  Zergling x20  
  80  9:01  Zergling x4  
  86  9:07  Spore Crawler  
  84  9:10  Spore Crawler  
  75  9:17  Baneling x7  
  70  9:27  Spore Crawler  
  46  9:40  Baneling x7  
  46  9:41  Zergling x6  
  47  9:49  Drone x3  
  42  10:15  Baneling x2  
  42  10:16  Baneling x4  
  42  10:19  Zergling x14  
  47  10:31  Spore Crawler x2  
  32  10:47  Corruptor  
  15  11:21  Drone  
  15  11:22  Drone  
  17  11:45  Drone  
  14  12:11  Drone x2  
  14  12:28  Drone  
  15  12:41  Drone  
  16  12:51  Drone  
  15  12:59  Drone  
  15  13:05  Drone  
  17  13:08  Drone  
  16  13:25  Drone x2  
  15  13:33  Drone  
  16  13:50  Drone x2  
  16  13:51  Drone  
  19  13:59  Drone  
  19  14:02  Drone  
  21  14:12  Corruptor  
  22  14:28  Drone x4  
Show
View Real Time Build Order
Export as new Build Order

exactitude Protoss - Winner!

Build Orders: Nexus First 

Get SALT Encoding   

  12  0:00  Probe  
  13  0:12  Probe  
  14  0:20  Pylon  
  14  0:24  Probe  
  15  0:38  Probe  
  16  0:50  Probe  
  17  0:59  Nexus  
  17  1:04  Probe  
  18  1:16  Probe (Chrono Boost)  
  18  1:18  Forge  
  19  1:28  Probe (Chrono Boost)  
  20  1:33  Probe (Chrono Boost)  
  21  1:42  Probe  
  22  1:52  Photon Cannon  
  22  1:55  Probe  
  23  2:07  Nexus  
  22  2:11  Pylon  
  22  2:17  Probe x2 (Chrono Boost)  
  24  2:26  Gateway  
  25  2:30  Probe (Chrono Boost)  
  25  2:32  Probe (Chrono Boost)  
  26  2:40  Probe x2 (Chrono Boost)  
  28  2:45  Probe (Chrono Boost)  
  28  2:46  Probe (Chrono Boost)  
  31  2:58  Probe (Chrono Boost)  
  31  3:01  Probe (Chrono Boost)  
  31  3:04  Probe (Chrono Boost)  
  32  3:07  Probe (Chrono Boost)  
  32  3:13  Cybernetics Core  
  32  3:14  Probe (Chrono Boost)  
  32  3:19  Probe (Chrono Boost)  
  35  3:20  Probe (Chrono Boost)  
  35  3:26  Probe (Chrono Boost)  
  36  3:29  Probe (Chrono Boost)  
  36  3:30  Probe (Chrono Boost)  
  36  3:31  Photon Cannon  
  36  3:32  Probe (Chrono Boost)  
  39  3:36  Probe (Chrono Boost)  
  39  3:37  Probe  
  39  3:39  Probe  
  42  3:45  Nexus  
  42  3:47  Probe  
  43  3:48  Pylon  
  43  3:50  Probe  
  43  3:51  Probe  
  45  3:59  Probe  
  45  4:01  Photon Cannon  
  46  4:03  Pylon  
  46  4:06  Shield Battery  
  46  4:07  Photon Cannon  
  46  4:10  Shield Battery  
  46  4:15  Probe x2 (Chrono Boost)  
  49  4:20  Probe (Chrono Boost), Photon Cannon  
  51  4:25  Probe (Chrono Boost)  
  51  4:26  Probe (Chrono Boost)  
  51  4:28  Probe (Chrono Boost)  
  52  4:34  Probe (Chrono Boost)  
  52  4:35  Probe (Chrono Boost)  
  52  4:36  Nexus  
  54  4:39  Probe (Chrono Boost), Pylon  
  54  4:40  Probe (Chrono Boost)  
  54  4:43  Probe  
  57  4:49  Photon Cannon  
  57  4:50  Probe (Chrono Boost), Shield Battery  
  57  4:52  Pylon  
  58  4:57  Probe (Chrono Boost)  
  58  4:58  Probe (Chrono Boost), Photon Cannon  
  61  5:00  Probe (Chrono Boost)  
  61  5:04  Photon Cannon  
  61  5:05  Shield Battery  
  62  5:07  Pylon  
  62  5:08  Probe (Chrono Boost)  
  62  5:10  Probe (Chrono Boost)  
  62  5:12  Probe (Chrono Boost)  
  62  5:13  Probe (Chrono Boost)  
  65  5:18  Probe (Chrono Boost)  
  65  5:19  Probe (Chrono Boost)  
  65  5:20  Probe (Chrono Boost)  
  68  5:28  Probe (Chrono Boost)  
  69  5:30  Pylon  
  69  5:32  Nexus  
  69  5:33  Pylon  
  69  5:35  Probe  
  69  5:37  Probe  
  69  5:41  Nexus  
  64  5:43  Pylon, Photon Cannon  
  64  5:44  Shield Battery  
  56  5:53  Probe x2 (Chrono Boost)  
  57  5:59  Probe x3 (Chrono Boost)  
  57  6:03  Probe x2 (Chrono Boost), Assimilator  
  56  6:04  Assimilator  
  56  6:06  Probe (Chrono Boost), Assimilator x2  
  56  6:09  Assimilator  
  56  6:10  Assimilator  
  56  6:15  Shield Battery, Photon Cannon  
  56  6:18  Probe (Chrono Boost)  
  58  6:19  Photon Cannon  
  58  6:21  Pylon  
  58  6:23  Probe (Chrono Boost), Assimilator  
  58  6:25  Probe (Chrono Boost)  
  57  6:26  Gateway  
  57  6:27  Assimilator  
  57  6:30  Probe (Chrono Boost)  
  61  6:33  Probe (Chrono Boost)  
  61  6:37  Probe x2 (Chrono Boost)  
  63  6:40  Probe x2 (Chrono Boost), Photon Cannon x2  
  63  6:46  Nexus  
  57  6:48  Probe (Chrono Boost)  
  57  6:50  Probe (Chrono Boost)  
  60  6:56  Probe (Chrono Boost)  
  60  7:00  Probe x2 (Chrono Boost)  
  63  7:03  Probe (Chrono Boost)  
  63  7:05  Probe x2 (Chrono Boost)  
  63  7:08  Probe (Chrono Boost)  
  66  7:11  Probe x2 (Chrono Boost)  
  66  7:13  Probe (Chrono Boost)  
  68  7:18  Pylon  
  68  7:20  Probe  
  68  7:22  Probe x4  
  73  7:28  Stargate  
  73  7:29  Stargate  
  73  7:32  Stargate  
  73  7:33  Probe (Chrono Boost), Stargate  
  73  7:34  Probe (Chrono Boost)  
  73  7:35  Probe x2 (Chrono Boost)  
  73  7:36  Probe (Chrono Boost)  
  78  7:46  Probe (Chrono Boost)  
  78  7:50  Probe x2 (Chrono Boost)  
  67  7:52  Probe (Chrono Boost)  
  67  7:53  Probe (Chrono Boost)  
  67  7:55  Probe (Chrono Boost)  
  48  7:58  Probe (Chrono Boost)  
  48  8:00  Probe (Chrono Boost)  
  48  8:01  Probe (Chrono Boost)  
  48  8:04  Probe x2 (Chrono Boost)  
  46  8:06  Probe (Chrono Boost)  
  46  8:09  Probe (Chrono Boost)  
  46  8:10  Probe x2 (Chrono Boost)  
  46  8:13  Probe (Chrono Boost)  
  46  8:15  Oracle  
  46  8:16  Oracle  
  50  8:22  Probe (Chrono Boost), Oracle  
  50  8:26  Probe (Chrono Boost)  
  54  8:29  Probe (Chrono Boost)  
  54  8:32  Pylon  
  55  8:39  Oracle  
  54  8:42  Probe (Chrono Boost)  
  54  8:45  Probe (Chrono Boost)  
  54  8:47  Probe (Chrono Boost)  
  56  8:49  Probe x2 (Chrono Boost)  
  56  8:52  Oracle, Probe (Chrono Boost)  
  56  8:54  Probe x2 (Chrono Boost)  
  61  8:57  Oracle  
  60  9:05  Gateway  
  60  9:09  Oracle  
  60  9:30  Probe x3  
  61  9:32  Oracle (Chrono Boost)  
  62  9:42  Probe x2  
  62  9:43  Probe  
  65  9:54  Probe x2  
  65  9:55  Probe  
  65  9:56  Oracle x2 (Chrono Boost), Pylon  
  74  10:04  Pylon  
  62  10:08  Probe x2 (Chrono Boost)  
  62  10:12  Oracle (Chrono Boost)  
  60  10:15  Cybernetics Core  
  61  10:23  Probe (Chrono Boost)  
  61  10:24  Probe (Chrono Boost)  
  60  10:32  Oracle  
  60  10:53  Phoenix (Chrono Boost)  
  54  11:06  Probe (Chrono Boost)  
  54  11:11  Phoenix (Chrono Boost)  
  54  11:16  Probe (Chrono Boost), Nexus  
  54  11:18  Probe (Chrono Boost)  
  58  11:21  Probe (Chrono Boost)  
  59  11:27  Probe  
  59  11:28  Assimilator  
  60  11:33  Probe  
  60  11:35  Assimilator  
  60  11:39  Probe  
  62  11:53  Probe (Chrono Boost)  
  62  11:54  Probe (Chrono Boost)  
  61  12:00  Void Ray  
  59  12:05  Probe (Chrono Boost)  
  58  12:11  Probe (Chrono Boost)  
  58  12:13  Probe (Chrono Boost)  
  59  12:17  Probe (Chrono Boost)  
  59  12:18  Nexus  
  61  12:25  Probe (Chrono Boost)  
  61  12:27  Probe (Chrono Boost), Pylon  
  61  12:28  Void Ray  
  62  12:34  Probe (Chrono Boost)  
  63  12:37  Probe (Chrono Boost)  
  67  12:45  Probe (Chrono Boost)  
  67  12:46  Probe x2 (Chrono Boost)  
  67  12:48  Void Ray  
  70  12:57  Probe  
  71  12:58  Probe (Chrono Boost)  
  71  12:59  Probe (Chrono Boost)  
  76  13:12  Void Ray (Chrono Boost)  
  75  13:15  Probe (Chrono Boost)  
  74  13:33  Void Ray (Chrono Boost)  
  82  13:40  Probe (Chrono Boost)  
  88  13:43  Void Ray (Chrono Boost)  
  88  13:46  Probe x2 (Chrono Boost), Void Ray (Chrono Boost)  
  88  13:48  Probe (Chrono Boost)  
  91  13:49  Probe (Chrono Boost)  
  91  13:54  Void Ray  
  89  13:56  Probe  
  89  13:58  Probe x2  
  92  14:14  Pylon  
  92  14:15  Pylon  
Tags
 
Add a new tag
Caveats
  • Supply blocks, unpowered buildings, or Contaminate may cause inaccurate times.
  • Supply counts are checked every 10 seconds.